 Dungeon Crawl Stone Soup version 0.29-a0-284-gf9362112df (webtiles) character file.

Game seed: 7224486238318765769

860 spaghetti the Magician (level 8, -3/69 HPs)
             Began as an Octopode Earth Elementalist on Mar 22, 2022.
             Was a Priest of Cheibriados.
             Slain by a river rat (8 damage)
             ... summoned by Eustachio
             ... on level 5 of the Dungeon.
             The game lasted 00:09:07 (5055 turns).

spaghetti the Magician (OpEE)                       Turns: 5055, Time: 00:09:07

Health: -3/69      AC:  1    Str: 14    XL:     8   Next: 2%
Magic:  18/18      EV: 13    Int: 26    God:    Cheibriados [***...]
Gold:   220        SH:  0    Dex: 20    Spells: 15/21 levels left

rFire   . . .      SeeInvis .   u - +0 falchion (vamp) {long}
rCold   . . .      Faith    .   (no shield)
rNeg    . . .      Spirit   .   (helmet restricted)
rPois   .          Reflect  .   d - amulet of the acrobat
rElec   .          Harm     .   (no ring)
rCorr   .          Rampage  .   (no ring)
Will    .....                   (no ring)
Stlth   ..........              (no ring)
HPRegen 0.21/turn               (no ring)
MPRegen 0.16/turn               (no ring)
                                (no ring)
                                (no ring)

@: berserking (expiring), very slow
A: almost no armour, amphibious, 8 rings, camouflage 1, gelatinous body 1,
(nimble swimmer 1), tentacles
a: Renounce Religion, Bend Time, Temporal Distortion


You were on level 5 of the Dungeon.
You worshipped Cheibriados.
Cheibriados was most pleased with you.
You visited 1 branch of the dungeon, and saw 4 of its levels.
You also visited: Sewer.

You collected 220 gold pieces.


Innate Abilities, Weirdness & Mutations

You cannot wear most types of armour.
You are amphibious.
You can wear up to eight rings at the same time.
Your skin changes colour to match your surroundings (Stealth+).
Your rubbery body absorbs attacks. (AC +1, EV +1)
((You are camouflaged when in or above water. (Stealth+)))
You have tentacles for arms and can constrict up to eight enemies at once.


   Skills:
 - Level 2.0 Dodging
 - Level 2.6 Stealth
 - Level 7.0 Spellcasting
 + Level 3.2 Conjurations
 - Level 1.0 Transmutations
 + Level 4.4 Earth Magic


You had 15 spell levels left.
You knew the following spells:

 Your Spells              Type           Power      Damage    Failure   Level
a - Sandblast             Erth           64%        2d14      1%          1
b - Passwall              Tmut/Erth      19%        N/A       3%          2
c - Stone Arrow           Conj/Erth      58%        3d10      3%          3

Your spell library contained the following spells:

 Spells                   Type           Power      Damage    Failure   Level
 Confusing Touch          Hex            9%         N/A       19%         3
 Petrify                  Tmut/Erth      23%        N/A       21%         4
 Yara's Violent Unravell  Hex/Tmut       5%         3d4       80%         5
 Enfeeble                 Hex            4%         N/A       100%        7

Inventory:

Hand Weapons
 e - a +0 dagger {short}
   (You took it off a kobold on level 1 of the Dungeon)
 g - a +0 dagger {short}
   (You took it off a kobold on level 1 of the Dungeon)
 k - a +0 short sword {short}
   (You took it off a kobold on level 1 of the Dungeon)
 l - a +0 dagger {short}
   (You took it off a kobold on level 1 of the Dungeon)
 m - a +1 dagger of protection {short}
   (You found it on level 1 of the Dungeon)
 n - a +0 club {mace}
   (You took it off a gnoll on level 1 of the Dungeon)
 r - a +0 club {mace}
   (You took it off a goblin on level 2 of the Dungeon)
 t - a +0 short sword {short}
   (You took it off a kobold on level 4 of the Dungeon)
 u - a +0 vampiric falchion (weapon) {long}
   (You found it on level 4 of the Dungeon)
Missiles
 a - 42 stones {throwing}
 v - 13 poisoned darts {throwing}
 w - 2 curare-tipped darts {=fthrowing}
Jewellery
 d - an amulet of the acrobat (around mantle)
   (You found it on level 1 of the Dungeon)
 h - a ring of protection from fire
   (You found it on level 4 of the Dungeon)
Wands
 A - a wand of paralysis (6)
   (You found it on level 5 of the Dungeon)
Scrolls
 c - a scroll of enchant armour
 i - a scroll of fog
 y - a scroll of teleportation {@r4}
Potions
 q - a potion of resistance {unknown}
 s - a potion of degeneration {unknown}
 x - a potion of might {unknown}
 z - a potion of brilliance {unknown}

Dungeon Overview and Level Annotations

Branches:
Dungeon (5/15)             Temple (0/1) D:4           Sewer (visited)

Altars:
Cheibriados
Gozag

Shops:
D:1 (

Annotations:
D:5 Eustachio

≈≈≈≈≈≈≈≈≈≈≈≈.#.###
≈≈≈≈≈≈≈≈#≈≈.)....#
≈≈≈≈≈≈≈≈≈≈≈..#...#
≈≈≈≈≈≈≈≈≈≈####...## ##
†#≈≈≈≈≈≈.######[..##.###
..≈≈.≈≈...##.............
......<...###.##.........
..............##......##.
..............##@.###..#
..............rr5@# ....
...............rr..# ...
...............#..... .#
.....#.............##.
#....#.............# ..
..... ..... .
............


You could see Eustachio, 4 river rats and an ufetubus.


Message History

😱 HP[-2] MP[+1]
You take 2 damage, and now have 10/41 hp.
Okay, then.
You completely miss the orc. You grab the orc. You squeeze the orc!
You kill the orc!
Cheibriados appreciates the change of pace.
Eustachio gestures wildly while chanting.
Eustachio blinks!
The river rat completely misses you. The ufetubus misses you.
The ufetubus closely misses you.
It was a potion of heal wounds.
You feel much better. The river rat barely misses you.
The ufetubus barely misses you. The ufetubus closely misses you.
The orc priest mumbles some strange prayers to Beogh against you.
Beogh smites you! 😮 HP[+17]
You regained 17 hp, and now have 27/41 hp.
You don't have enough magic to cast this spell.
Magic courses through your body. The ufetubus barely misses you.
The ufetubus hits you. The river rat closely misses you.
The ufetubus hits you. x2
* * * LOW HITPOINT WARNING * * *
Eustachio mumbles some strange words. 😨 HP[-11] MP[+16]
You take 11 damage, and now have 16/41 hp.
MASSIVE DAMAGE!! (PAUSE)
Your mp is fully restored (17).
You hit the orc. You grab the orc. You tentacle-slap the orc.
You constrict the orc.
You kill the orc!
Cheibriados appreciates the change of pace.
The ufetubus misses you. The ufetubus closely misses you.
The river rat bites you.
* * * LOW HITPOINT WARNING * * *
The ufetubus hits you.
* * * LOW HITPOINT WARNING * * *
The ufetubus hits you.
* * * LOW HITPOINT WARNING * * *
The river rat barely misses you. 😨 HP[-5]
You take 5 damage, and now have 11/41 hp.
Okay, then.
It was a potion of berserk rage.
A red film seems to cover your vision as you go berserk!
Cheibriados protects you from inadvertent hurry.
You feel mighty! The ufetubus hits you.
* * * LOW HITPOINT WARNING * * *
The ufetubus barely misses you. The river rat misses you. 😱 HP[+4]
You now have 61 max hp (+20).
You regained 4 hp, and now have 15/61 hp.
You slash the orc priest!
You feel better.
You grab the orc priest. You constrict the orc priest. The ufetubus hits you.
* * * LOW HITPOINT WARNING * * *
The ufetubus hits you.
* * * LOW HITPOINT WARNING * * *
The orc priest struggles to escape constriction.
Eustachio gestures wildly while chanting.
The ufetubus barely misses you. The ufetubus hits you.
* * * LOW HITPOINT WARNING * * *
The river rat bites you.
* * * LOW HITPOINT WARNING * * *
😱 HP[-6]
You take 6 damage, and now have 9/61 hp.
Unknown command.
You slash the orc priest!
You feel better.
You kill the orc priest!
Cheibriados appreciates the change of pace.
The ufetubus closely misses you. x2; The river rat bites you.
* * * LOW HITPOINT WARNING * * *
The ufetubus hits you.
* * * LOW HITPOINT WARNING * * *
The ufetubus barely misses you. The orc barely misses you.
You have reached level 8! 😱 MP[+1]
You now have 69 max hp (+8).
Your mp is fully restored (18).
You slash the orc!
You feel better.
You kill the orc!
Cheibriados appreciates the change of pace.
The ufetubus misses you. The ufetubus closely misses you.
The river rat misses you. The ufetubus closely misses you.
The ufetubus barely misses you. The river rat bites you.
* * * LOW HITPOINT WARNING * * *
😱 HP[+2]
You regained 2 hp, and now have 11/69 hp.
Unknown command.
You closely miss Eustachio. You grab Eustachio. You constrict Eustachio.
The ufetubus closely misses you. The ufetubus hits you.
* * * LOW HITPOINT WARNING * * *
Eustachio hits you with a +0 falchion.
* * * LOW HITPOINT WARNING * * *
The ufetubus closely misses you. The ufetubus hits you.
* * * LOW HITPOINT WARNING * * *
The river rat closely misses you. 😱 HP[-8]
You take 8 damage, and now have 3/69 hp.
Unknown command.
You slash Eustachio!
You feel better.
You constrict Eustachio. The ufetubus barely misses you. The ufetubus hits you.
* * * LOW HITPOINT WARNING * * *
Eustachio completely misses you. The river rat bites you!
You die...

Skill      XL: |  1  2  3  4  5  6  7 |
---------------+----------------------+-----
Spellcasting   | 3 5 6 7 |  7.0
Conjurations   | 1 3 |  3.2
Earth Magic    | 4 |  4.4
Dodging        | |  2.0
Stealth        | |  2.6
Transmutations | |  1.0

Action                   |  1- 3 |  4- 6 |  7- 9 || total
-------------------------+-------+-------+-------++-------
Melee: Unarmed           |     9 |     2 |       ||    11
       Tentacles         |     4 |     4 |     2 ||    10
       Constrict         |     3 |     5 |     5 ||    13
       Falchion          |       |     8 |    10 ||    18
       Punch             |       |       |     1 ||     1
 Cast: Sandblast         |    36 |    17 |       ||    53
       Stone Arrow       |       |    35 |    37 ||    72
  Use: Scroll            |       |     6 |     2 ||     8
       Potion            |       |       |     5 ||     5
Armor: Skin              |     6 |       |     1 ||     7
Dodge: Dodged            |    28 |    30 |    45 ||   103

Levels and vault maps discovered:
D:1:      arrival_aquarium_a, layout_basic, serial_shops, nicolae_shop_crystal,
          dreamdust_ecumenical_altar_drowned_temple
D:2:      layout_basic, basic_altar, solitary_fountain
D:4:      layout_basic, temple_garden, gup_sewer_entry_glass, minmay_distorted
D:5:      kennysheep_slugbush, layout_cave_pools, makhleb_grotto_becter,
          nicolae_vehumet_radiance, serial_shops, shop, uniq_eustachio,
          uniq_crazy_yiuf_cottage

Notes
Turn   | Place    | Note
-------+----------+-------------------------------------------
     0 | D:1      | spaghetti the Octopode Earth Elementalist began the quest
                  | for the Orb.
     0 | D:1      | Reached XP level 1. HP: 11/11 MP: 3/3
     0 | D:1      | magus.rc [v1.9.6]
     1 | D:1      | Noticed an electric eel
   176 | D:1      | Reached XP level 2. HP: 17/17 MP: 3/5
   201 | D:1      | Learned a level 2 spell: Passwall
   262 | D:1      | Found Istroc's Antique Weapon Emporium.
   406 | D:1      | Reached skill level 3 in Spellcasting
   544 | D:1      | Found a faded altar of an unknown god.
   552 | D:1      | Prayed at the altar of an unknown god.
   552 | D:1      | Became a worshipper of Cheibriados the Contemplative
   552 | D:1      | Reached * piety under Cheibriados
   680 | D:1      | Reached XP level 3. HP: 10/21 MP: 2/7
  1245 | D:2      | Found an opulent altar of Gozag.
  1542 | D:2      | You fall into a shaft and drop 2 floors!
  1542 | D:4      | Found a staircase to the Ecumenical Temple.
  1567 | D:5      | Entered Level 5 of the Dungeon
  1609 | D:4      | Found a glowing drain.
  1627 | D:4      | Reached XP level 4. HP: 27/27 MP: 4/9
  1629 | D:4      | Reached skill level 4 in Spellcasting
  1650 | Sewer    | Entered a sewer
  1874 | Sewer    | Noticed a kobold brigand
  1874 | Sewer    | Noticed a kobold brigand
  1884 | Sewer    | HP: 6/27 [kobold brigand/+0 whip (5)]
  1889 | Sewer    | Killed a kobold brigand
  1890 | Sewer    | Reached skill level 5 in Spellcasting
  1890 | Sewer    | Reached XP level 5. HP: 7/31 MP: 0/12
  2131 | Sewer    | Learned a level 3 spell: Stone Arrow
  2136 | Sewer    | Killed a kobold brigand
  2137 | Sewer    | Reached XP level 6. HP: 36/36 MP: 3/14
  2230 | Sewer    | Reached ** piety under Cheibriados
  2810 | Sewer    | Reached skill level 6 in Spellcasting
  3565 | D:4      | Reached skill level 1 in Conjurations
  3565 | D:4      | Reached XP level 7. HP: 41/41 MP: 3/17
  3865 | D:4      | Noticed an angel
  4057 | D:4      | You pick up a book of Misfortune and begin reading...
  4057 | D:4      | You add the spells Confusing Touch, Yara's Violent
                  | Unravelling and Enfeeble to your library.
  4090 | D:4      | Reached skill level 2 in Conjurations
  4236 | D:4      | Noticed a rust devil
  4534 | D:4      | Reached skill level 7 in Spellcasting
  4534 | D:4      | Reached skill level 4 in Earth Magic
  4535 | D:4      | Reached *** piety under Cheibriados
  5033 | D:5      | Noticed Eustachio
  5045 | D:5      | Reached skill level 3 in Conjurations
  5045 | D:5      | HP: 10/41 [river rat[Eustachio] (2)]
  5050 | D:5      | HP: 15/61 [ufetubus (2)]
  5053 | D:5      | Reached XP level 8. HP: 9/46 MP: 18/18
  5054 | D:5      | HP: 7/69 [ufetubus (4)]
  5054 | D:5      | HP: 3/69 [ufetubus (2)]
  5055 | D:5      | Slain by a river rat

Vanquished Creatures
  A water moccasin (D:4)
  An ogre (D:4)
  A phantom (D:4)
  4 kobold brigands (Sewer)
  2 orc priests (D:5)
  2 iguanas (D:4)
  A gnoll (D:1)
  3 river rats (Sewer)
  7 adders
  An ufetubus (D:4)
  3 worms
  8 dart slugs
  10 orcs (D:5)
  10 ball pythons
  6 bats
  4 endoplasms
  5 giant cockroaches
  2 goblins
  A hobgoblin (D:1)
  2 jackals (D:4)
  9 kobolds
  9 rats
  A spectral goblin (D:1)
93 creatures vanquished.

Table legend:
 A = Non-vault XP
 B = Vault XP
 C = Vault XP percentage of total XP
 D = Non-vault monster count
 E = Vault monster count
 F = Vault count percentage of total count
                 A         B        C        D         E       F
            +---------+---------+-------+---------+---------+-------
      Total |     606 |     623 |  50.7 |      49 |      44 |  47.3
            +---------+---------+-------+---------+---------+-------
        D:1 |      43 |       1 |   2.3 |      20 |       1 |   4.8
        D:2 |      13 |       0 |   0.0 |       5 |       0 |   0.0
        D:4 |     436 |      83 |  16.0 |      12 |       8 |  40.0
        D:5 |     114 |      28 |  19.7 |      12 |       7 |  36.8
      Sewer |       0 |     511 | 100.0 |       0 |      28 | 100.0
            +---------+---------+-------+---------+---------+-------

Illustrated notes

Table legend:
 A = Kills in this place as a percentage of kills in entire the game.
 B = Kills by you in this place as a percentage of kills by you in the entire game.
 C = Kills by friends in this place as a percentage of kills by friends in the entire game.
 D = Other kills in this place as a percentage of other kills in the entire game.
 E = Experience gained in this place as a percentage of experience gained in the entire game.
 F = Experience gained in this place divided by the number of levels of this place that you have seen.
                   A       B       C       D       E      F
               +-------+-------+-------+-------+-------+----------------------
         Total | 100.0 | 100.0 |   N/A |   N/A | 100.0 | 245.8
       Dungeon |  69.9 |  69.9 |   N/A |   N/A |  58.4 | 179.5
         Sewer |  30.1 |  30.1 |   N/A |   N/A |  41.6 | 511.0
               +-------+-------+-------+-------+-------+----------------------

Table legend: (Time is in decaauts)
 A = Elapsed time spent in this place.
 B = Non-inter-level travel time spent in this place.
 C = Inter-level travel time spent in this place.
 D = Time resting spent in this place.
 E = Time spent auto-exploring this place.
 F = Levels seen in this place.
 G = Mean time per level.
                   A        B        C        D        E       F      G
               +--------+--------+--------+--------+--------+-----+--------+
         Total |   5999 |   5943 |     56 |   1293 |   3846 |   5 | 1199.8 |
       Dungeon |   3866 |   3810 |     56 |    663 |   2612 |   4 |  966.5 |
         Sewer |   2133 |   2133 |      0 |    630 |   1234 |   1 | 2133.0 |
               +--------+--------+--------+--------+--------+-----+--------+

Top non-repeatable levels by time:
   Sewer: 2133 daAuts
     D:4: 1576 daAuts
     D:1: 1434 daAuts
     D:5: 477 daAuts
     D:2: 377 daAuts
